 Dungeon Crawl Stone Soup version 0.31-a0-369-g8eba5f6939 (webtiles) character file.

Game seed: 12128732282503676594

44 RepHenryClay the Ruffian (level 3, -1/31 HPs)
             Began as a Ghoul Monk on July 29, 2023.
             Slain by a gnoll
             ... wielding a +0 club
              (2 damage)
             ... on level 3 of the Dungeon.
             The game lasted 00:01:50 (1676 turns).

RepHenryClay the Ruffian (Ghoul Monk)               Turns: 1676, Time: 00:01:50

Health: -1/31      AC:  2    Str: 16    XL:     3   Next: 60%
Magic:  2/2        EV: 12    Int:  5    God:
Gold:   64         SH:  0    Dex: 11    Spells: 2/2 levels left

rFire   . .          .
                       - Unarmed
rCold   + . .        c - orb {light}
rNeg    + + +        a - +0 robe
rPois   ∞            (no helmet)
rElec   .            (no cloak)
rCorr   .            (no gloves)
SInv    .            (no boots)
Will    .....        (no amulet)
Stlth   +            (no ring)
HPRegen 0.00/turn    (no ring)
MPRegen 0.08/turn

%: no passive effects
@: inhibited regen, glowing
A: claws 1, cold resistance 1, negative energy resistance 3, inhibited
regeneration, torment resistance 2, devour on kill
a: no special abilities


You were on level 3 of the Dungeon.
You visited 1 branch of the dungeon, and saw 3 of its levels.

You collected 64 gold pieces.

Inventory:

Armour
 a - a +0 robe (worn)
 c - an orb of light (worn)
Jewellery
 g - a +4 ring of slaying
Scrolls
 f - a scroll of vulnerability {unknown}
 h - a scroll of teleportation {unknown}
 i - a scroll of amnesia {unknown}
 j - a scroll of blinking {unknown}
 k - a scroll of brand weapon {unknown}
 l - a scroll of identify {unknown}
 m - a scroll of immolation {unknown}
 n - a scroll of noise {unknown}
Potions
 b - a potion of ambrosia
 d - a potion of lignification {unknown}
 e - a potion of mutation {unknown}


   Skills:
 - Level 3.2 Fighting
 + Level 2.8 Armour
 - Level 2.6 Dodging
 - Level 3.2 Unarmed Combat


You had 2 spell levels left.
You didn't know any spells.
Your spell library was empty.

Dungeon Overview and Level Annotations

Branches:
Dungeon (3/15)

Altars:


Innate Abilities, Weirdness & Mutations

You are immune to poison.
You have sharp fingernails.
Your flesh is cold resistant. (rC+)
You are immune to negative energy. (rN+++)
You do not regenerate when monsters are visible.
You are immune to unholy pain and torment.
You thrive by killing the living.


Message History

There is a stone staircase leading down here.
You climb downwards.
There is a stone staircase leading up here.
A gnoll comes into view. It is wielding a +0 spear.
The gnoll shouts!
A gnoll is nearby!
A gnoll comes into view. It is wielding a +0 club.
The gnoll hits you with a +0 spear.
Damage: -19%(-6hp) hp: 81%(25hp)
You scratch the gnoll but do no damage. You scratch the gnoll.
The gnoll is heavily wounded.
The gnoll hits you with a +0 spear!
Huge Dmg: -29%(-9hp) hp: 52%(16hp)
You scratch the gnoll.
The gnoll is severely wounded.
The gnoll hits you with a +0 spear.
* * * LOW HITPOINT WARNING * * *
Huge Dmg: -13%(-4hp) hp: 39%(12hp)
You scratch the gnoll.
The gnoll is almost dead.
Unknown command.
You scratch the gnoll.
The gnoll is heavily wounded.
The gnoll hits you with a +0 spear.
* * * LOW HITPOINT WARNING * * *
The gnoll closely misses you.
Huge Dmg: -13%(-4hp) hp: 26%(8hp)
You barely miss the gnoll.
The gnoll is almost dead.
The gnoll hits you with a +0 spear.
* * * LOW HITPOINT WARNING * * *
The gnoll closely misses you.
Huge Dmg: -19%(-6hp) hp: 7%(2hp)
You completely miss the gnoll.
The gnoll is almost dead.
The gnoll hits you with a +0 spear.
* * * LOW HITPOINT WARNING * * *
The gnoll hits you with a +0 club.
You die...

#.# #.#
#<# #.#
#.# ##.##
#...####.#
#........#
#g@.####.#
##g## #.#
#.# #.#
... #..
#..


You could see 2 gnolls.

Vanquished Creatures
  An adder (D:2)
  A worm (D:2)
  2 endoplasms
  3 giant cockroaches
  2 goblins
  3 hobgoblins
  3 quokkas
  2 ball pythons
  3 bats
  3 frilled lizards
  5 kobolds
  4 rats
32 creatures vanquished.

Notes
Turn   | Place    | Note
-------+----------+-------------------------------------------
     0 | D:1      | RepHenryClay the Ghoul Monk began the quest for the Orb.
     0 | D:1      | Reached XP level 1. HP: 19/19 MP: 0/0
   135 | D:1      | Reached skill level 1 in Armour
   156 | D:1      | Reached XP level 2. HP: 24/26 MP: 1/1
  1086 | D:2      | Reached XP level 3. HP: 24/31 MP: 2/2
  1676 | D:3      | HP: 1/31 [gnoll/+0 spear (1)]
  1676 | D:3      | Slain by a gnoll

Illustrated notes

Levels and vault maps discovered:
D:1:      lightli_arrival_lavapool, layout_basic, chequers_serial_rivers_micro_a
D:2:      layout_loops_corners
D:3:      layout_loops_ring, nicolae_tso_besieged_by_evil,
          amethyst_overflow_temple_binary, hellmonk_ecumenical_altar_blasted,
          hangedman_decor_push, uniq_natasha

Skill      XL: |  1  2 |
---------------+-------+-----
Armour         | 1 2 |  2.8
Fighting       | |  3.2
Dodging        | |  2.6
Unarmed Combat | |  3.2

Action                     || total
---------------------------++-------
  Melee: Unarmed           ||    90
 Armour: Robe              ||     9
  Dodge: Dodged            ||    44

Table legend: (Time is in decaauts)
 A = Elapsed time spent in this place.
 B = Non-inter-level travel time spent in this place.
 C = Inter-level travel time spent in this place.
 D = Time resting spent in this place.
 E = Time spent auto-exploring this place.
 F = Levels seen in this place.
 G = Mean time per level.
                   A        B        C        D        E       F      G
               +--------+--------+--------+--------+--------+-----+--------+
         Total |   1671 |   1610 |     61 |      0 |   1413 |   3 |  557.0 |
       Dungeon |   1671 |   1610 |     61 |      0 |   1413 |   3 |  557.0 |
               +--------+--------+--------+--------+--------+-----+--------+

Top non-repeatable levels by time:
     D:2: 877 daAuts
     D:1: 782 daAuts
     D:3: 12 daAuts
